[ AOE2 MATCH · #506621968 ]
UnrankedMongols vs Britons
Player's team · LOSS
Rival team · WIN
[ REPLAY ANALYSIS · EXTRACTED FROM THE RECORDED GAME ]
Feudal
7:40
Castle
22:16
Imperial
—
| APM avg | 51.2 |
| APM peak | 84 |
| eAPM avg | 22.5 |
| Villagers / military | 53 / 3 |
Focus
⚔️ 38.2% · 🌾 61.8%
Monk ×3
Feudal
11:11
Castle
15:57
Imperial
—
| APM avg | 52.0 |
| APM peak | 79 |
| eAPM avg | 27.8 |
| Villagers / military | 47 / 7 |
Focus
⚔️ 42.5% · 🌾 57.5%
Mangonel ×3 · Monk ×2 · Spearman ×2
Match map
Initial resources + every placement click. Lines = walls · curves = elevation contours. ◆ gold · ⬟ stone · ● berries · ✦ relic · ◌ wall gap
Your base· ✓ Closed at 22:16 · 11t walls · 3 gate(s)
TdB.holland89's base· ✓ Closed at 15:57 · 37t walls · 3 gate(s)
Smoothed initial terrain · ◌ = detected wall gap · hover for details
Inputs per minute
— catorce - - TdB.holland89
Build order — catorce
119 actions detected in the replay
| 0:00 | Queue | Villager (Male) |
| 0:01 | Queue | Villager (Male) |
| 0:01 | Queue | Villager (Male) |
| 0:01 | Queue | Villager (Male) |
| 0:02 | Build | House |
| 0:04 | Build | House |
| 1:39 | Queue | Villager (Male) |
| 1:40 | Queue | Villager (Male) |
| 2:12 | Build | Lumber Camp |
| 2:21 | Queue | Villager (Male) |
| 2:32 | Queue | Villager (Male) |
| 2:53 | Queue | Villager (Male) |
| 3:06 | Queue | Villager (Male) |
| 3:47 | Build | House |
| 4:02 | Queue | Villager (Male) |
| 4:32 | Queue | Villager (Male) |
| 5:01 | Research | Loom |
| 5:08 | Build | Mining Camp |
| 5:30 | Research | Feudal Age |
| 7:27 | Queue | Villager (Male) |
| 7:40 | Age | Feudal Age |
| 7:43 | Build | Watch Tower |
| 7:53 | Queue | Villager (Male) |
| 8:22 | Build | House |
| 8:24 | Queue | Villager (Male) |
| 8:25 | Queue | Villager (Male) |
| 8:44 | Queue | Villager (Male) |
| 8:46 | Build | Blacksmith |
| 9:47 | Queue | Villager (Male) |
| 9:57 | Build | Watch Tower |
| 10:01 | Queue | Villager (Male) |
| 10:15 | Queue | Villager (Male) |
| 10:42 | Build | Watch Tower |
| 10:46 | Queue | Villager (Male) |
| 10:49 | Build | House |
| 11:17 | Queue | Villager (Male) |
| 11:44 | Queue | Villager (Male) |
| 11:59 | Build | Mill |
| 12:03 | Queue | Villager (Male) |
| 12:31 | Build | Palisade Wall |
| 12:32 | Build | Palisade Wall |
| 12:33 | Build | Palisade Wall |
| 12:40 | Build | Palisade Wall |
| 12:41 | Build | Palisade Wall |
| 12:43 | Queue | Villager (Male) |
| 13:13 | Queue | Villager (Male) |
| 13:17 | Research | Double-Bit Axe |
| 13:36 | Queue | Villager (Male) |
| 13:36 | Queue | Villager (Male) |
| 13:50 | Queue | Villager (Male) |
| 14:04 | Build | Farm |
| 14:05 | Build | Farm |
| 14:10 | Queue | Villager (Male) |
| 14:26 | Build | House |
| 14:28 | Queue | Villager (Male) |
| 14:58 | Build | Farm |
| 14:58 | Queue | Villager (Male) |
| 15:08 | Build | Watch Tower |
| 15:21 | Queue | Villager (Male) |
| 15:24 | Build | Farm |
| 15:24 | Queue | Villager (Male) |
| 15:46 | Build | Farm |
| 15:55 | Build | Palisade Wall |
| 15:56 | Build | Palisade Wall |
| 15:59 | Build | Palisade Wall |
| 16:00 | Build | Palisade Wall |
| 16:18 | Queue | Villager (Male) |
| 16:45 | Queue | Villager (Male) |
| 16:48 | Build | House |
| 16:51 | Build | Market |
| 17:14 | Build | Watch Tower |
| 17:25 | Build | Outpost |
| 17:30 | Queue | Villager (Male) |
| 17:35 | Build | Farm |
| 18:16 | Queue | Villager (Male) |
| 18:37 | Queue | Villager (Male) |
| 19:11 | Queue | Villager (Male) |
| 19:34 | Research | Castle Age |
| 19:34 | Research | Castle Age |
| 20:01 | Build | Mining Camp |
| 20:05 | Build | House |
| 20:48 | Build | Farm |
| 20:57 | Build | Farm |
| 21:08 | Build | Mining Camp |
| 21:31 | Build | Watch Tower |
| 21:36 | Build | Watch Tower |
| 21:49 | Queue | Villager (Male) |
| 21:49 | Queue | Villager (Male) |
| 22:07 | Build | Outpost |
| 22:16 | Age | Castle Age |
| 22:30 | Build | Monastery |
| 22:44 | Build | Farm |
| 22:46 | Build | Farm |
| 22:49 | Build | Farm |
| 23:07 | Queue | Villager (Male) |
| 23:08 | Queue | Villager (Male) |
| 23:25 | Build | Castle |
| 23:38 | Queue | Monk |
| 23:49 | Build | Castle |
| 24:02 | Research | Fletching |
| 24:03 | Research | Fletching |
| 24:35 | Queue | Villager (Male) |
| 24:46 | Queue | Villager (Male) |
| 24:46 | Queue | Villager (Male) |
| 25:04 | Queue | Villager (Male) |
| 25:05 | Queue | Villager (Male) |
| 25:13 | Queue | Monk |
| 25:40 | Research | Bodkin Arrow |
| 25:44 | Build | Watch Tower |
| 26:43 | Queue | Villager (Male) |
| 26:45 | Build | Farm |
| 26:46 | Build | Farm |
| 26:47 | Build | Farm |
| 26:58 | Queue | Monk |
| 27:10 | Build | Watch Tower |
| 27:15 | Queue | Villager (Male) |
| 27:17 | Build | Monastery |
| 27:42 | Queue | Villager (Male) |
| 27:42 | Queue | Villager (Male) |
Build order — TdB.holland89
110 actions detected in the replay
| 0:00 | Queue | Villager (Male) |
| 0:01 | Queue | Villager (Male) |
| 0:02 | Build | House |
| 0:02 | Build | House |
| 0:17 | Queue | Villager (Male) |
| 0:17 | Queue | Villager (Male) |
| 0:17 | Queue | Villager (Male) |
| 1:18 | Queue | Villager (Male) |
| 1:19 | Queue | Villager (Male) |
| 1:42 | Queue | Villager (Male) |
| 1:42 | Queue | Villager (Male) |
| 1:44 | Build | Lumber Camp |
| 1:52 | Queue | Villager (Male) |
| 2:28 | Queue | Villager (Male) |
| 2:28 | Queue | Villager (Male) |
| 2:39 | Queue | Villager (Male) |
| 2:53 | Queue | Villager (Male) |
| 3:19 | Queue | Villager (Male) |
| 3:48 | Build | House |
| 3:57 | Build | House |
| 4:14 | Build | Mill |
| 4:24 | Build | House |
| 4:29 | Queue | Villager (Male) |
| 4:29 | Queue | Villager (Male) |
| 4:30 | Queue | Villager (Male) |
| 4:30 | Queue | Villager (Male) |
| 4:51 | Queue | Villager (Male) |
| 5:27 | Queue | Villager (Male) |
| 6:02 | Queue | Villager (Male) |
| 6:37 | Queue | Villager (Male) |
| 7:42 | Queue | Villager (Male) |
| 7:42 | Queue | Villager (Male) |
| 8:06 | Build | Palisade Wall |
| 8:27 | Build | Palisade Wall |
| 8:50 | Build | Palisade Wall |
| 9:00 | Build | Mining Camp |
| 9:01 | Research | Feudal Age |
| 9:14 | Build | Palisade Wall |
| 9:17 | Build | Palisade Wall |
| 9:39 | Build | Palisade Wall |
| 10:03 | Queue | Villager (Male) |
| 10:05 | Build | Mining Camp |
| 10:16 | Build | Palisade Wall |
| 10:17 | Build | Palisade Wall |
| 10:57 | Build | Palisade Gate |
| 11:11 | Age | Feudal Age |
| 11:14 | Build | Watch Tower |
| 11:18 | Research | Loom |
| 11:50 | Build | Watch Tower |
| 11:59 | Build | Barracks |
| 12:04 | Build | Market |
| 12:05 | Build | Blacksmith |
| 12:10 | Queue | Villager (Male) |
| 12:22 | Build | House |
| 12:29 | Build | House |
| 13:17 | Research | Castle Age |
| 13:17 | Research | Castle Age |
| 14:52 | Build | House |
| 14:53 | Build | House |
| 15:57 | Age | Castle Age |
| 16:02 | Build | Siege Workshop |
| 16:08 | Queue | Villager (Male) |
| 16:39 | Queue | Villager (Male) |
| 16:39 | Queue | Villager (Male) |
| 16:43 | Queue | Mangonel |
| 17:16 | Queue | Mangonel |
| 17:29 | Queue | Villager (Male) |
| 17:29 | Queue | Villager (Male) |
| 17:38 | Queue | Mangonel |
| 18:31 | Queue | Villager (Male) |
| 18:34 | Build | Barracks |
| 18:43 | Build | Market |
| 19:53 | Queue | Villager (Male) |
| 20:38 | Build | Monastery |
| 20:52 | Queue | Villager (Male) |
| 20:55 | Build | Farm |
| 20:56 | Build | Farm |
| 21:25 | Queue | Monk |
| 21:31 | Build | Gate |
| 21:49 | Build | Farm |
| 21:49 | Build | Farm |
| 21:54 | Build | Farm |
| 21:58 | Queue | Villager (Male) |
| 22:02 | Build | Farm |
| 22:21 | Queue | Monk |
| 22:36 | Build | Farm |
| 22:55 | Queue | Villager (Male) |
| 23:08 | Build | Barracks |
| 23:56 | Build | Outpost |
| 24:17 | Queue | Villager (Male) |
| 24:55 | Queue | Villager (Male) |
| 24:58 | Build | Farm |
| 24:58 | Queue | Villager (Male) |
| 25:24 | Queue | Villager (Male) |
| 25:26 | Queue | Spearman |
| 25:26 | Queue | Spearman |
| 25:46 | Queue | Villager (Male) |
| 25:54 | Queue | Villager (Male) |
| 25:56 | Build | Farm |
| 25:56 | Build | Farm |
| 25:58 | Build | Farm |
| 26:39 | Queue | Villager (Male) |
| 26:39 | Queue | Villager (Male) |
| 26:42 | Queue | Villager (Male) |
| 26:46 | Build | Town Center |
| 27:00 | Queue | Villager (Male) |
| 27:06 | Research | Double-Bit Axe |
| 27:06 | Research | Double-Bit Axe |
| 27:31 | Build | Outpost |
| 27:35 | Research | Town Watch |
Match timeline
| 7:40 | catorce · age_up feudal |
| 8:06 | TdB.holland89 · wall_segment Palisade Wall x2 |
| 8:27 | TdB.holland89 · wall_segment Palisade Wall x11 |
| 8:50 | TdB.holland89 · wall_segment Palisade Wall x13 |
| 9:14 | TdB.holland89 · wall_segment Palisade Wall x4 |
| 9:17 | TdB.holland89 · wall_segment Palisade Wall x1 |
| 9:39 | TdB.holland89 · wall_segment Palisade Wall x1 |
| 10:16 | TdB.holland89 · wall_segment Palisade Wall x1 |
| 10:17 | TdB.holland89 · wall_segment Palisade Wall x4 |
| 11:11 | TdB.holland89 · age_up feudal |
| 11:59 | TdB.holland89 · first_building Barracks |
| 12:31 | catorce · wall_segment Palisade Wall x1 |
| 12:32 | catorce · wall_segment Palisade Wall x1 |
| 12:33 | catorce · wall_segment Palisade Wall x1 |
| 12:40 | catorce · wall_segment Palisade Wall x1 |
| 12:41 | catorce · wall_segment Palisade Wall x1 |
| 12:58 | TdB.holland89 · first_market_sell 500 wood |
| 12:59 | TdB.holland89 · first_market_buy 100 food |
| 15:55 | catorce · wall_segment Palisade Wall x1 |
| 15:56 | catorce · wall_segment Palisade Wall x2 |
| 15:57 | TdB.holland89 · age_up castle |
| 15:59 | catorce · wall_segment Palisade Wall x2 |
| 16:00 | catorce · wall_segment Palisade Wall x3 |
| 16:02 | TdB.holland89 · first_building Siege Workshop |
| 19:12 | catorce · first_market_sell 100 wood |
| 19:14 | catorce · first_market_buy 100 food |
| 20:38 | TdB.holland89 · first_building Monastery |
| 22:16 | catorce · age_up castle |
| 22:30 | catorce · first_building Monastery |
| 23:25 | catorce · first_building Castle |
| 28:20 | catorce · resign |
[ AI ANALYSIS · 1 CREDIT ]
What really happened in this match?
Wolo.gg analyzes every decision: build order, eco, micro, common mistakes by bracket. Personalized analysis on WhatsApp or Discord in 30 seconds.
Civ guide
Mongols
Perfil
Jugador #3284705